AoeStats
← RIO1000

Arena

506521864Analyzed
1v1 RM · 19d ago on Sep 13, 2026· 75m 22s· 2 players
Game mode
Random Map
Map size
Tiny (2 player)
Population
200
Speed
Normal
Resources
Standard
Victory
Conquest
Starting age
Dark Age
Ending age
Imperial Age
RankedLock teamsTeams togetherTeam positionsShared explorationLock speedFull tech treeHidden civsTurbo modeCheats
Victory
Defeat
🇦🇹 Cumans · Austria
900
+14
🇲🇽 Britons · Mexico
855
-14
RIO1000
9:52 Feudal Age
14:48 Castle Age
12:39 Double-Bit Axe
13:14 Horse Collar
16:02 Wheelbarrow
15:47 Bow Saw
15:40 Heavy Plow
20:53 Gold Mining
20:58 Loom
21:45 Stone Mining
29:09 Crossbowman
30:35 Gold Shaft Mining
31:08 Hand Cart
32:24 Town Watch
33:04 Fletching
33:58 Ballistics
33:43 Padded Archer Armor
35:32 Bodkin Arrow
39:12 Imperial Age
39:26 Arbalester
40:15 Bracer
41:25 Chemistry
42:29 Conscription
41:42 Pikeman
46:44 Yeomen
51:37 Squires
51:41 Scale Mail Armor
51:52 Forging
52:20 Halberdier
55:41 Town Patrol
62:04 Iron Casting
61:51 Chain Mail Armor
66:18 Light Cavalry
66:59 Husbandry
68:12 Scale Barding Armor
tony徐
4:14 Loom
10:40 Feudal Age
11:43 Double-Bit Axe
11:20 Man-at-Arms
17:15 Horse Collar
24:03 Castle Age
22:32 Loom
23:25 Wheelbarrow
22:36 Town Watch
23:34 Forging
24:45 Bloodlines
24:41 Stone Mining
24:43 Gold Mining
26:31 Gold Shaft Mining
26:04 Light Cavalry
28:54 Bow Saw
31:21 Iron Casting
32:30 Gold Shaft Mining
33:03 Steppe Husbandry
36:09 Imperial Age
34:44 Scale Barding Armor
34:03 Light Cavalry
35:00 Masonry
35:16 Pikeman
37:26 Chain Barding Armor
38:25 Heavy Plow
39:28 Two-Man Saw
38:00 Elite Steppe Lancer
39:37 Plate Barding Armor
40:10 Conscription
41:20 Chemistry
41:25 Hoardings
41:11 Hussar
42:54 Blast Furnace
42:34 Thumb Ring
42:06 Elite Skirmisher
43:16 Fletching
43:27 Padded Archer Armor
45:44 Bodkin Arrow
46:05 Leather Archer Armor
46:44 Hand Cart
46:54 Guilds
48:45 Ring Archer Armor
52:52 Onager
54:26 Scale Mail Armor
54:45 Siege Onager
60:59 Ballistics
63:34 Town Patrol
68:10 Chain Mail Armor
67:19 Capped Ram
70:20 Siege Ram
70:32 Halberdier
71:15 Squires
71:02 Arson
Connection lost

Rejoining the realm…

Still unreachable

The connection could not be restored.

Session expired

The server has moved on; the page needs a fresh start.